 Dungeon Crawl Stone Soup version 0.28-a0-1518-gbe868bca14 (webtiles) character file.

Game seed: 4046599808944137079

10 knot the Skirmisher (level 2, 24/36 HPs)
             Began as a Demonspawn Berserker on Jan 16, 2022.
             Was a Follower of Trog.
             Quit the game on level 1 of the Dungeon.
             The game lasted 00:00:34 (287 turns).

knot the Skirmisher (Demonspawn Berserker)           Turns: 287, Time: 00:00:35

Health: 24/36      AC:  3    Str: 17    XL:     2   Next: 10%
Magic:  2/2        EV: 12    Int:  8    God:    Trog [*.....]
Gold:   20         SH:  0    Dex: 12    Spells: 1/1 levels left

rFire   . . .      SeeInvis .   a - +0 hand axe
rCold   . . .      Faith    .   (no shield)
rNeg    . . .      Spirit   .   b - +0 animal skin
rPois   .          Reflect  .   (no helmet)
rElec   .          Harm     .   (no cloak)
rCorr   .          Rampage  .   (no gloves)
Will    .....                   (no boots)
Stlth   ..........              (no amulet)
HPRegen 0.12/turn               (no ring)
MPRegen 0.08/turn               (no ring)

@: berserking, very quick
A: sharp scales 1
a: Renounce Religion, Berserk


You were on level 1 of the Dungeon.
You worshipped Trog.
Trog was aware of your devotion.
You visited 1 branch of the dungeon, and saw 1 of its levels.

You collected 20 gold pieces.

Inventory:

Hand Weapons
 a - a +0 hand axe (weapon)
Missiles
 c - 3 poisoned darts (quivered)
 d - 11 stones
 f - 3 curare-tipped darts
Armour
 b - a +0 animal skin (worn)
Potions
 e - a potion of might {unknown}


   Skills:
 - Level 3.0 Fighting
 * Level 3.0 Axes
 * Level 1.0 Throwing
 - Level 1.7 Armour
 - Level 1.7 Dodging


You had one spell level left.
You didn't know any spells.
Your spell library was empty.

Dungeon Overview and Level Annotations

Branches:
Dungeon (1/15)

Altars:


Innate Abilities, Weirdness & Mutations

You are partially covered in razor-sharp scales. (AC +1, Slay +1)


Message History

No target in view!
You see here a bat corpse.
c - 3 poisoned darts (gained 1)
You see here a frilled lizard corpse.
c - 4 poisoned darts (gained 1)
e - a bubbling ruby potion
f - 3 curare-tipped darts You now have 20 gold pieces (gained 14).
A ball python and a quokka come into view.
Found a book of Debilitation.
Found a stone staircase leading down.
Throw: 4 darts (poison)
Press: ? - help, Q - select action, (/) - cycle Shift-Dir - straight line, f - ball python
Aim: a ball python (asleep, 98% to hit)
You throw a poisoned dart. The poisoned dart hits the ball python.
The ball python is poisoned.
The ball python hisses angrily.
A hobgoblin comes into view.
The hobgoblin shouts!
The ball python barely misses you. x2
You closely miss the ball python. Your punch misses the ball python.
The ball python is heavily wounded.
You hit the hobgoblin. The hobgoblin barely misses you.
The ball python bites you. The ball python grabs you.
The ball python constricts you. The quokka barely misses you.
A red film seems to cover your vision as you go berserk!
You feel yourself moving faster!
You feel mighty! The ball python barely misses you.
The ball python constricts you. The hobgoblin barely misses you.
The quokka bites you.
You slash the hobgoblin!
You kill the hobgoblin!
Trog accepts your kill.
You closely miss the quokka. You slash the ball python!
You kill the ball python!
Trog accepts your kill. The quokka closely misses you.
Your Throwing skill increases to level 1!
You have reached level 2!
Your demonic ancestry asserts itself...
Sharp scales grow over part of your body.
Are you sure you want to abandon this character and quit the game? (Confirm with "yes".)

###### #....# #.# #.
#.##.# #.# #.#####.#..##
#.# #...........####.#
#..............#.#######
#.##.......###.#.......#
#.##.##.#..###.#.†...#.#
................@†>.(...
................r....#.#
.....................#
..###...#######........#
........# #.###.....
...##..##### #.. .#:..
................. ....
#..##..########.# ###.
...##..#


You could see a quokka.

Vanquished Creatures
  A ball python (D:1)
  2 endoplasms (D:1)
  A hobgoblin (D:1)
  A quokka (D:1)
  2 bats (D:1)
  2 frilled lizards (D:1)
  A rat (D:1)
10 creatures vanquished.

Notes
Turn   | Place    | Note
-------+----------+-------------------------------------------
     0 | D:1      | knot the Demonspawn Berserker began the quest for the Orb.
     0 | D:1      | Reached XP level 1. HP: 18/18 MP: 1/1
   287 | D:1      | Reached skill level 1 in Throwing
   287 | D:1      | Gained mutation: You are partially covered in razor-sharp
                  | scales. (AC +1, Slay +1) [demonic ancestry]
   287 | D:1      | Reached XP level 2. HP: 24/24 MP: 2/2
   287 | D:1      | Quit the game

Illustrated notes

Levels and vault maps discovered:
D:1:      saegor_arrival_simple_c, layout_basic,
          dreamdust_ecumenical_altar_statues

Skill      XL: |  1 |
---------------+----+-----
Axes           | 3 |  3.0
Throwing       | 1 |  1.0
Fighting       | |  3.0
Armour         | |  1.7
Dodging        | |  1.7

Action                   || total
-------------------------++-------
Melee: Hand axe          ||    23
Throw: Dart              ||     7
Invok: Berserk           ||     1
Armor: Animal skin       ||     4
Dodge: Dodged            ||    22

Table legend: (Time is in decaauts)
 A = Elapsed time spent in this place.
 B = Non-inter-level travel time spent in this place.
 C = Inter-level travel time spent in this place.
 D = Time resting spent in this place.
 E = Time spent auto-exploring this place.
 F = Levels seen in this place.
 G = Mean time per level.
                   A        B        C        D        E       F      G
               +--------+--------+--------+--------+--------+-----+--------+
         Total |    290 |    290 |      0 |      0 |    227 |   1 |  290.0 |
       Dungeon |    290 |    290 |      0 |      0 |    227 |   1 |  290.0 |
               +--------+--------+--------+--------+--------+-----+--------+

Top non-repeatable levels by time:
     D:1: 290 daAuts
